 Dungeon Crawl Stone Soup version 0.21.0-30-g47ce8e4 (webtiles) character file.

234 JeffiDaFish the Stinger (level 5, 0/39 HPs)
             Began as a Draconian Venom Mage on Jan 29, 2018.
             Slain by an ogre
             ... wielding a +0 giant club
              (19 damage)
             ... on level 4 of the Dungeon.
             The game lasted 00:09:07 (3179 turns).

JeffiDaFish the Stinger (Draconian Venom Mage)      Turns: 3179, Time: 00:09:08

Health: 0/39       AC:  7    Str: 10    XL:     5   Next: 75%
Magic:  16/19      EV: 13    Int: 16    God:
Gold:   147        SH:  0    Dex: 12    Spells: 4/10 levels left

rFire    . . .     SeeInvis .   i - +2 quarterstaff (chaos)
rCold    . . .     Gourm    .   (shield currently unavailable)
rNeg     . . .     Faith    .   (armour unavailable)
rPois    .         Spirit   .   (helmet restricted)
rElec    .         Reflect  .   j - +0 cloak (curse)
rCorr    .         Harm     .   h - +0 pair of gloves
MR       .....     Rnd*Rage +   (no boots)
Stlth    ++........             (no amulet)
HPRegen  0.13/turn              g - ring of magical power
MPRegen  0.16/turn              (no ring)

@: very slightly contaminated
A: unfitting armour, horns 1, stinger 1, berserk 1, wild magic 1, cold-blooded,
AC +5
a: no special abilities


You were on level 4 of the Dungeon.
You were not hungry.

You visited 1 branch of the dungeon, and saw 4 of its levels.

You collected 147 gold pieces.

Inventory:

Hand Weapons
 d - a +0 dagger
 f - a +1 short sword
 i - a +2 quarterstaff of chaos (weapon)
Armour
 h - a +0 pair of gloves (worn)
 j - a cursed +0 cloak (worn)
Jewellery
 g - a ring of magical power (left hand)
Scrolls
 e - 2 scrolls of identify
 k - a scroll of teleportation
Books
 a - a Young Poisoner's Handbook

   Spells                             Type                      Level
   a - Sting                          Conjuration/Poison           1
   b - Poisonous Vapours              Poison/Air                   2
   c - Mephitic Cloud                 Conjuration/Poison/Air       3
   d - Olgreb's Toxic Radiance        Poison                       4
   e - Venom Bolt                     Conjuration/Poison           5
Comestibles
 b - 6 rations
 c - 3 chunks of flesh


   Skills:
 - Level 0.3 Fighting
 - Level 0.4 Short Blades
 * Level 3.1 Dodging
 - Level 1.8 Stealth
 - Level 0.1 Unarmed Combat
 * Level 3.3 Spellcasting
 + Level 1.6 Conjurations
 + Level 1.6 Air Magic
 + Level 4.0 Poison Magic


You had 4 spell levels left.
You knew the following spells:

 Your Spells              Type           Power        Failure   Level  Hunger
a - Sting                 Conj/Pois      ###.         9%          1    None
b - Poisonous Vapours     Pois/Air       ###...       13%         2    ##.....
c - Mephitic Cloud        Conj/Pois/Air  ##......     28%         3    ###....


Dungeon Overview and Level Annotations

Branches:
Dungeon (4/15)
 Temple: D:4-7

Altars:
Nemelex Xobeh
Xom


Innate Abilities, Weirdness & Mutations

Your plain brown scales are hard. (AC +5)
You cannot fit into any form of body armour.
You are cold-blooded and may be slowed by cold attacks.
You have a pair of small horns on your head.
Your tail ends in a poisonous barb.
You tend to lose your temper in combat.
Your spells are a little harder to cast, but a little more powerful.


Message History

The orc is moderately wounded.
The orc closely misses you.
The orc throws a tomahawk of returning.
The tomahawk of returning hits you.
An orc comes into view. It is wielding a club.
You hit the ogre.
The ogre flickers and vanishes!
Deactivating autopickup; reactivate with Ctrl-A.
You headbutt something. The orc closely misses you.
Something barely misses you.
You hit the orc but do no damage.
The orc is poisoned.
The orc closely misses you. Something hits you!!
An orc comes into view. It is wielding a hand axe.
Casting: Poisonous Vapours
Confirm with . or Enter, or press ? or * to list all spells.
Aiming: Mephitic Cloud
Press: ? - help, Shift-Dir - straight line That beam is likely to hit you.
Continue anyway?
You miscast Mephitic Cloud.
You are very lightly contaminated with residual magic.
You are blasted with air!
The orc barely misses you. Something hits you!!
You die...

#.#.#.....>..+
#.#......#.###....#
#.######.# .....#
#.# .# #....# #.# #
#....# #.# #....#
#.# #oo..# #.#
#{oo.#
#.############@#
#..............#
################


You could see 4 orcs.

Vanquished Creatures
  Crazy Yiuf (D:2)
  2 orc wizards (D:3)
  4 adders
  4 worms (D:2)
  3 dart slugs
  6 leopard geckos
  4 orcs (D:3)
  A ball python (D:3)
  6 giant cockroaches
  16 goblins
  4 hobgoblins
  10 jackals
  A quokka (D:3)
  7 bats
  7 frilled lizards
  7 kobolds
  10 rats
93 creatures vanquished.

Vanquished Creatures (collateral kills)
  A giant cockroach (D:3)
1 creature vanquished.

Grand Total: 94 creatures vanquished

Notes
Turn   | Place    | Note
-------+----------+-------------------------------------------
     0 | D:1      | JeffiDaFish the Draconian Venom Mage began the quest for the Orb.
     0 | D:1      | Reached XP level 1. HP: 14/14 MP: 3/3
   415 | D:1      | Reached XP level 2. HP: 15/20 MP: 1/5
   512 | D:1      | Learned a level 2 spell: Poisonous Vapours
   640 | D:1      | Gained mutation: You have a pair of small horns on your head. [potion of mutation]
   640 | D:1      | Gained mutation: You tend to lose your temper in combat. [potion of mutation]
   640 | D:1      | Gained mutation: Your spells are a little harder to cast, but a little more powerful. [potion of mutation]
   640 | D:1      | Gained mutation: Your tail ends in a poisonous barb. [potion of mutation]
   917 | D:1      | Reached XP level 3. HP: 24/26 MP: 6/6
   985 | D:1      | Found a sparkling altar of Nemelex Xobeh.
  1313 | D:2      | Reached XP level 4. HP: 12/33 MP: 2/8
  1335 | D:2      | HP: 1/33 [poisoned by an adder]
  2008 | D:2      | Found a runed door.
  2015 | D:2      | Learned a level 3 spell: Mephitic Cloud
  2016 | D:2      | Noticed Crazy Yiuf
  2025 | D:2      | Killed Crazy Yiuf
  2025 | D:2      | Reached skill level 1 in Air Magic
  2234 | D:3      | Reached XP level 5. HP: 39/39 MP: 9/9
  2375 | D:3      | Reached skill level 4 in Poison Magic
  2998 | D:3      | Found a shimmering altar of Xom.
  3174 | D:4      | Noticed an ogre
  3179 | D:4      | Slain by an ogre

Skill      XL: |  1  2  3  4  5 |
---------------+----------------+-----
Dodging        | 2 3 |  3.1
Spellcasting   | 3 |  3.3
Air Magic      | 1 |  1.6
Poison Magic   | 4 |  4.0
Fighting       | |  0.3
Short Blades   | |  0.4
Stealth        | |  1.8
Unarmed Combat | |  0.1
Conjurations   | |  1.6

Action                   |  1- 3 |  4- 6 || total
-------------------------+-------+-------++-------
Melee: Unarmed           |    32 |       ||    32
       Tailslap          |     3 |     6 ||     9
       Short sword       |    17 |    29 ||    46
       Headbutt          |     2 |    16 ||    18
       Quarterstaff      |       |    88 ||    88
 Cast: Sting             |    20 |     1 ||    21
       Poisonous Vapours |    28 |    15 ||    43
       Mephitic Cloud    |       |     5 ||     5
  Use: Scroll            |     3 |     2 ||     5
       Potion            |     4 |     1 ||     5
 Stab: Sleeping          |     1 |     3 ||     4
       Confused          |       |     1 ||     1
  Eat: Chunk             |     3 |     8 ||    11
Armor: Skin              |    22 |    49 ||    71
Dodge: Dodged            |    45 |    97 ||   142
